 Dungeon Crawl Stone Soup version 0.28-a0-95-g65e1ffefe4 (webtiles) character file.

Game seed: 17994739571869396747

79 Ezendos the Skirmisher (level 4, 0/50 HPs)
             Began as an Ogre Transmuter on Aug 8, 2021.
             Was a Believer of Jiyva.
             Slain by a water moccasin (1 damage)
             ... on level 5 of the Dungeon.
             The game lasted 00:04:36 (3701 turns).

Ezendos the Skirmisher (Ogre Transmuter)            Turns: 3701, Time: 00:04:36

Health: 0/50       AC:  3    Str: 11 (14) XL:     4   Next: 37%
Magic:  7/7        EV:  9    Int: 10 (13) God:    Jiyva [**....]
Gold:   119        SH:  0    Dex:  9 (11) Spells: 3/7 levels left

rFire   . . .      SeeInvis .     - Unarmed
rCold   . . .      Faith    .   (no shield)
rNeg    . . .      Spirit   .   a - +0 robe
rPois   .          Reflect  .   (helmet restricted)
rElec   .          Harm     .   (no cloak)
rCorr   .          Rampage  .   (gloves unavailable)
Will    .....                   (boots unavailable)
Stlth   +.........              (no amulet)
HPRegen 0.16/turn               (no ring)
MPRegen 0.10/turn               (no ring)

@: confused, mighty, lethally poisoned (0 -> -6), ambrosia-drunk, flying
A: large, unfitting armour, tough skin 1
a: Renounce Religion, Request Jelly


You were on level 5 of the Dungeon.
You worshipped Jiyva.
Jiyva was pleased with you.
You visited 1 branch of the dungeon, and saw 5 of its levels.

You collected 119 gold pieces.

Inventory:

Armour
 a - a +0 robe (worn)
Scrolls
 c - a scroll of holy word {unknown}
 g - a scroll of amnesia {unknown}
 h - 2 scrolls of identify {unknown}
 j - a scroll of fear {unknown}
Potions
 b - a potion of degeneration
 l - a potion of lignification {unknown}


   Skills:
 + Level 5.4 Fighting
 + Level 1.7 Dodging
 + Level 0.0 Stealth
 + Level 2.6 Unarmed Combat
 + Level 2.4 Spellcasting
 + Level 1.7 Transmutations
 + Level 0.0 Poison Magic


You had 3 spell levels left.
You knew the following spells:

 Your Spells              Type           Power      Damage    Failure   Level
a - Beastly Appendage     Tmut           8%         N/A       14%         1
b - Spider Form           Tmut/Pois      1%         N/A       54%         3

Your spell library contained the following spells:

 Spells                   Type           Power      Damage    Failure   Level
 Wereblood                Tmut           4%         N/A       22%         2
 Ice Form                 Ice/Tmut       2%         N/A       91%         4


Dungeon Overview and Level Annotations

Branches:
Dungeon (5/15)
 Temple: D:4-7

Altars:
Jiyva

Shops:
D:3 (


Innate Abilities, Weirdness & Mutations

You are too large for most types of armour.
You have tough skin. (AC +1)


Message History

The water moccasin is severely wounded.
The water moccasin bites you!
* * * LOW HITPOINT WARNING * * *
You feel better.
The water moccasin bites you but does no damage.
You closely miss the water moccasin.
The water moccasin is severely wounded.
The water moccasin completely misses you.
The water moccasin bites you but does no damage.
You hit the water moccasin but do no damage.
The water moccasin is severely wounded.
The water moccasin bites you.
You hear a distant slurping noise.
Jiyva appreciates your sacrifice.
You aren't carrying any items that you can evoke.
It was a potion of might.
You feel very mighty all of a sudden. The water moccasin barely misses you.
You closely miss the water moccasin.
The water moccasin is severely wounded.
The water moccasin bites you!
* * * LOW HITPOINT WARNING * * *
You are lethally poisoned!
The water moccasin poisons you!
You hear a distant slurping noise.
The water moccasin closely misses you.
You punch the water moccasin!
The water moccasin is almost dead.
* * * LOW HITPOINT WARNING * * *
You feel very sick. The water moccasin bites you.
* * * LOW HITPOINT WARNING * * *
It was a potion of ambrosia.
You are confused.
You feel invigorated.
* * * LOW HITPOINT WARNING * * *
You feel sick. The water moccasin bites you.
* * * LOW HITPOINT WARNING * * *
The water moccasin bites you.
You die...

## ##.##
....####
#.#....##
#.####.......#
#....@S#
####...# #...#
#...# #.#.#
..#.. ####.#
#.#


You could see a water moccasin.

Vanquished Creatures
  A hound skeleton (D:4)
  3 gnolls
  An adder skeleton (D:3)
  A dart slug (D:1)
  4 orcs (D:4)
  3 bats
  2 giant cockroaches
  A goblin (D:2)
  4 hobgoblins (D:1)
  2 jackals (D:4)
  2 quokkas
  A frilled lizard (D:1)
  6 kobolds
  6 rats
37 creatures vanquished.

Vanquished Creatures (others)
  A black bear (D:4)
  A jelly (D:4)
  A hound zombie (D:4)
  2 adders (D:4)
  A howler monkey skeleton (D:4)
  A worm (D:4)
  A dart slug (D:1)
  4 endoplasms
  3 orcs
  2 bats
  3 goblins
  3 hobgoblins (D:4)
  2 kobolds (D:4)
  A quokka (D:4)
  4 ball pythons
  A rat (D:2)
  24 plants
55 creatures vanquished.

Grand Total: 92 creatures vanquished

Notes
Turn   | Place    | Note
-------+----------+-------------------------------------------
     0 | D:1      | Ezendos the Ogre Transmuter began the quest for the Orb.
     0 | D:1      | Reached XP level 1. HP: 19/19 MP: 3/3
    41 | D:1      | Reached skill level 2 in Fighting
   200 | D:1      | Reached XP level 2. HP: 11/29 MP: 3/5
   205 | D:1      | Reached skill level 3 in Fighting
   740 | D:1      | Found a faded altar of an unknown god.
   797 | D:1      | Became a worshipper of Jiyva Juotruv the Shapeless
   797 | D:1      | Reached * piety under Jiyva
  1972 | D:3      | Reached XP level 3. HP: 39/39 MP: 3/6
  2023 | D:3      | Reached skill level 4 in Fighting
  2724 | D:3      | Found Heqeew's Weapon Shop.
  3015 | D:4      | Reached skill level 5 in Fighting
  3015 | D:4      | Reached XP level 4. HP: 40/50 MP: 4/7
  3171 | D:4      | Noticed a black bear
  3208 | D:4      | Reached ** piety under Jiyva
  3444 | D:4      | Killed a black bear
  3579 | D:4      | Noticed an acid dragon
  3593 | D:4      | Learned a level 3 spell: Spider Form
  3673 | D:5      | Entered Level 5 of the Dungeon
  3673 | D:5      | Noticed a water moccasin
  3701 | D:5      | HP: 1/50 [water moccasin (4)]
  3701 | D:5      | Slain by a water moccasin

Illustrated notes

Levels and vault maps discovered:
D:1:      eino_arrival_cavern_c, layout_loops_corners, basic_ecumenical_altar,
          serial_forest, infiniplex_forest_straight_4, infiniplex_forest_join,
          infiniplex_forest_lined_1, infiniplex_forest_lined_room_2,
          infiniplex_forest_lined_room_2, infiniplex_forest_clump_small,
          infiniplex_forest_straight_2, infiniplex_forest_lined_1,
          minmay_split_cup_small
D:2:      layout_basic, serial_bayou_lagoon_b
D:3:      layout_rooms, serial_shops, nicolae_shop_statue_plus
D:4:      minmay_chambers_of_fours, layout_basic
D:5:      layout_rooms, lightli_temple_of_fire, minmay_temple_entry_ruins,
          serial_shops, nicolae_shop_waterfront, guppyfry_early_orc_mine

Skill      XL: |  1  2  3 |
---------------+----------+-----
Fighting       | 2 3 5 |  5.4
Dodging        | |  1.7
Unarmed Combat | |  2.6
Spellcasting   | |  2.4
Transmutations | |  1.7

Action                   |  1- 3 |  4- 6 || total
-------------------------+-------+-------++-------
Melee: Unarmed           |   122 |    39 ||   161
       Kick              |    15 |     7 ||    22
       Headbutt          |    10 |     6 ||    16
 Cast: Beastly Appendage |    27 |     5 ||    32
Invok: Request Jelly     |     1 |     1 ||     2
  Use: Potion            |       |     8 ||     8
Armor: Robe              |    47 |    11 ||    58
Dodge: Dodged            |    65 |    29 ||    94

Table legend: (Time is in decaauts)
 A = Elapsed time spent in this place.
 B = Non-inter-level travel time spent in this place.
 C = Inter-level travel time spent in this place.
 D = Time resting spent in this place.
 E = Time spent auto-exploring this place.
 F = Levels seen in this place.
 G = Mean time per level.
                   A        B        C        D        E       F      G
               +--------+--------+--------+--------+--------+-----+--------+
         Total |   3714 |   3595 |    119 |    544 |   2446 |   5 |  742.8 |
       Dungeon |   3714 |   3595 |    119 |    544 |   2446 |   5 |  742.8 |
               +--------+--------+--------+--------+--------+-----+--------+

Top non-repeatable levels by time:
     D:1: 1338 daAuts
     D:2: 1076 daAuts
     D:4: 684 daAuts
     D:3: 587 daAuts
     D:5: 27 daAuts
